 Dungeon Crawl Stone Soup version 0.31.0-11-ge490571c62 (webtiles) character file.

Game seed: 10285157468540683185

0 Zeor the Changeling (level 1, 0/15 HPs)
             Began as a Merfolk Shapeshifter on Jan 26, 2024.
             Slain by a giant cockroach (2 damage)
             ... on level 1 of the Dungeon.
             The game lasted 00:00:16 (68 turns).

Zeor the Changeling (Merfolk Shapeshifter)            Turns: 68, Time: 00:00:17

Health: 0/15       AC:  2    Str: 14    XL:     1   Next: 10%
Magic:  1/1        EV: 12    Int:  9    God:
Gold:   0          SH:  0    Dex: 13    Spells: 0/0 levels left

rFire   . .          .
                       - Unarmed
rCold   . . .        (no shield)
rNeg    . . .        a - +0 animal skin
rPois   .            (helmet currently unavailable)
rElec   .            (cloak currently unavailable)
rCorr   .            (gloves currently unavailable)
SInv    .            (boots currently unavailable)
Will    .....        (no amulet)
Stlth   +            (no ring)
HPRegen 0.22/turn    (no ring)
MPRegen 0.07/turn

%: no passive effects
@: beast-form
A: beast (slay +2), (nimble swimmer 2), mertail
a: Begin Untransformation


You were on level 1 of the Dungeon.
You were a hulking beast.
You visited 1 branch of the dungeon, and saw 1 of its levels.

Inventory:

Hand Weapons
 g - a +0 dagger of flaming
Armour
 a - a +0 animal skin (worn)
Talismans
 c - a beast talisman
 d - a flux talisman
Scrolls
 e - a scroll of identify {unknown}
 f - a scroll of teleportation {unknown}
Potions
 b - a potion of lignification


   Skills:
 + Level 1.1 Fighting
 + Level 2.6 Dodging
 * Level 3.2 Unarmed Combat
 * Level 4.0 Shapeshifting


You couldn't memorise any spells.
You didn't know any spells.
Your spell library was empty.

Dungeon Overview and Level Annotations

Branches:
Dungeon (1/15)

Altars:


Innate Abilities, Weirdness & Mutations

You are a hulking beast.
Your limbs bulge with bestial killing power. (Slay +2)
((You are very nimble when in or above water. (Stealth+, EV+, Speed+++)))
Your lower body shifts to a powerful aquatic tail in water.


Message History

The ball python bites you but does no damage.
The ball python closely misses you.
g - a +0 dagger of flaming The giant cockroach waves its antennae.
The ball python closely misses you. The ball python barely misses you.
You barely miss the ball python. The ball python closely misses you.
The ball python barely misses you.
You hit the ball python.
The ball python is severely wounded.
The ball python closely misses you. The ball python grabs you.
The ball python constricts you. The giant cockroach barely misses you.
You hit the ball python.
You kill the ball python!
The giant cockroach barely misses you.
You closely miss the giant cockroach. The endoplasm freezes you.
You are frozen.
The giant cockroach closely misses you.
You hit the giant cockroach.
The giant cockroach is severely wounded.
The endoplasm freezes you.
You are frozen.
The giant cockroach barely misses you.
You hit the giant cockroach but do no damage.
The giant cockroach is severely wounded.
The endoplasm freezes you.
You are frozen.
* * * LOW HITPOINT WARNING * * *
The giant cockroach barely misses you.
You hit the giant cockroach.
The giant cockroach is almost dead.
The giant cockroach barely misses you. The endoplasm hits you.
* * * LOW HITPOINT WARNING * * *
The giant cockroach bites you but does no damage.
You hit the endoplasm.
The endoplasm is moderately wounded.
The endoplasm misses you. The giant cockroach bites you.
* * * LOW HITPOINT WARNING * * *
You hit the endoplasm.
You kill the endoplasm!
The giant cockroach bites you.
You die... ∙∙∙∙∙∙∙∙∙ ∙∙∙∙∙∙∙∙∙ ∙∙∙∙∙∙!∙∙ ▒▒▒▒▒■▒ ▒∙∙∙∙∙∙∙∙ ∙∙∙∙∙∙▒▒ ∙∙∙∙∙∙∙∙∙

▒▒∙∙∙▒▒ ▒∙∙∙∙∙∙∙∙
▒▒▒∙▒∙▒∙▒▒ ▒B†∙∙∙∙∙∙
∙▒∙▒▒∙▒▒∙▒▒ ▒▒h>∙∙∙∙∙∙
▒∙▒▒▒∙▒▒▒∙▒▒ ▒∙∙∙∙∙∙∙∙∙
∙▒∙▒▒∙▒▒▒▒)▒▒▒▒∙∙∙▒∙∙∙∙∙
▒▒▒∙∙<∙∙∙∙∙∙'∙∙∙∙∙▒ ▒∙∙▒
▒ ▒▒▒∙▒▒▒▒∙∙▒∙∙▒∙∙▒ ∙∙
▒∙▒▒▒∙▒∙▒∙∙▒∙∙▒ ∙
▒▒∙▒∙▒▒∙▒∙▒▒▒∙▒
▒▒∙▒▒▒∙▒∙▒ ∙▒
▒▒∙▒∙▒▒∙▒∙▒ ∙∙


You could see a giant cockroach.

Vanquished Creatures
  An endoplasm (D:1)
  A ball python (D:1)
2 creatures vanquished.

Notes
Turn   | Place    | Note
-------+----------+-------------------------------------------
     0 | D:1      | Zeor the Merfolk Shapeshifter began the quest for the Orb.
     0 | D:1      | Reached XP level 1. HP: 15/15 MP: 1/1
    68 | D:1      | Slain by a giant cockroach

Illustrated notes

Levels and vault maps discovered:
D:1:      roderic_octagonal_star, layout_rooms

Action                     || total
---------------------------++-------
  Melee: Unarmed           ||    10
 Armour: Animal skin       ||     5
  Dodge: Dodged            ||    13
